 Dungeon Crawl Stone Soup version 0.31-a0-210-gccc998df9b (webtiles) character file.

Game seed: 7905782391761612425

93 qw the Shooter (level 4, 0/36 HPs)
             Began as a Minotaur Hexslinger on June 29, 2023.
             Killed by nerve-wracking pain
             ... invoked by Grinder
              (11 damage)
             ... on level 2 of the Dungeon.
             The game lasted 00:00:45 (1716 turns).

qw the Shooter (Minotaur Hexslinger)                Turns: 1716, Time: 00:00:46

Health: 0/36       AC:  4    Str: 13    XL:     4   Next: 36%
Magic:  4/4        EV: 12    Int: 10    God:
Gold:   107        SH:  0    Dex: 14    Spells: 4/5 levels left

rFire   . . .        Y - +1 sling
rCold   . . .        (no shield)
rNeg    . . .        c - +0 robe
rPois   .            (helmet restricted)
rElec   .            k - +0 cloak
rCorr   .            (no gloves)
SInv    .            d - +0 pair of boots
Will    .....        (no amulet)
Stlth   +            (no ring)
HPRegen 0.26/turn    (no ring)
MPRegen 0.09/turn

%: no passive effects
@: no status effects
A: horns 2, retaliatory headbutt
a: no special abilities


You were on level 2 of the Dungeon.
You visited 1 branch of the dungeon, and saw 3 of its levels.

You collected 153 gold pieces.
You spent 46 gold pieces at shops.


Innate Abilities, Weirdness & Mutations

You have a pair of horns on your head.
You reflexively headbutt those who attack you in melee.


   Skills:
 - Level 2.0 Fighting
 + Level 4.9 Ranged Weapons
 - Level 2.1 Dodging
 - Level 1.0 Spellcasting
 - Level 2.0 Hexes


You had 4 spell levels left.
You knew the following spells:

 Your Spells              Type           Power      Damage    Failure   Level
a - Slow                  Hex            16%        N/A       16%         1

Your spell library contained the following spells:

 Spells                   Type           Power      Damage    Failure   Level
 Inner Flame              Hex/Fire       2%         N/A       56%         3
 Portal Projectile        Hex/Tloc       4%         N/A       56%         3
 Cause Fear               Hex            2%         N/A       83%         4

Inventory:

Hand Weapons
 Y - a +1 sling (weapon)
Armour
 c - a +0 robe (worn)
 d - a +0 pair of boots (worn)
 k - a +0 cloak (worn)
Scrolls
 j - a scroll of identify
Potions
 f - a potion of haste
 g - 2 potions of curing
 h - a potion of brilliance {unknown}
 i - a potion of heal wounds

Dungeon Overview and Level Annotations

Branches:
Dungeon (3/15)

Altars:
Wu Jian

Shops:
D:1 ??((

Annotations:
D:2 Grinder


Message History

You start resting.
HP restored.
Done exploring.
(D) Dungeon
Where to? (* - list waypoints, Enter - D:3, ? - help)
What level of the Dungeon? (default 1, ? - help)
You climb downwards.
You hear the sound of rushing water.
There is an entrance to a sewer on this level.
Hurry and find it before the portal rusts away!
Level annotation: Grinder You hear the slow rusting of a very distant drain.
There is a stone staircase leading up here.
Grinder is nearby!
You shoot a sling bullet. The sling bullet hits Grinder.
Grinder is heavily wounded.
Grinder gestures at you.
You suddenly lose the ability to move!
You can move again.
You shoot a sling bullet. The sling bullet hits Grinder.
Grinder is heavily wounded.
Grinder gestures at you. You resist with significant effort.
You shoot a sling bullet.
The sling bullet hits Grinder but does no damage.
Grinder is heavily wounded.
You shoot a sling bullet. The sling bullet barely misses Grinder.
Grinder gestures at you. Pain shoots through your body!
You shoot a sling bullet.
The sling bullet closely misses Grinder.
Grinder hits you!
You writhe in agony.
1714 ||| STAIRDANCE Grinder hits you.
You writhe in agony.
You climb upwards.
There is a stone staircase leading down here.
You shoot a sling bullet.
The sling bullet closely misses Grinder.
Grinder gestures at you. Pain shoots through your body!
You die...

.......###..##...#
#####.......#....#
######.##.##.#
#########.##.##.#
#=......#.......#
#.......#.......#
#....)..#.##.##.#
#.......#.##.##.#
#.......#.##..#@#
#####.####.###.#5#
......## #.###.#.#
####...###..<<...#
.###.#.........###
.).............#
.#........###.##
##........# #.#
..........# #.#
############


You could see Grinder.

Vanquished Creatures
  4 adders
  2 worms (D:2)
  4 ball pythons
  6 bats
  3 endoplasms
  2 giant cockroaches
  8 goblins
  5 hobgoblins
  3 jackals (D:1)
  4 kobolds
  A quokka (D:2)
  2 frilled lizards
  4 rats
48 creatures vanquished.

Notes
Turn   | Place    | Note
-------+----------+-------------------------------------------
     0 | D:1      | qw the Minotaur Hexslinger began the quest for the Orb.
     0 | D:1      | Reached XP level 1. HP: 16/16 MP: 1/1
     0 | D:1      | 0 ||| qw: Version: 0.3-a-24-ga2abf7b
     0 | D:1      | 0 ||| qw: Game counter: 6983
     0 | D:1      | 0 ||| qw: Melee chars always use a shield: true
     0 | D:1      | 0 ||| qw: God list: Okawaru
     0 | D:1      | 0 ||| qw: Allow faded altars: false
     0 | D:1      | 0 ||| qw: Do Orc after clearing Dungeon:15 true
     0 | D:1      | 0 ||| qw: Do second Lair branch before Depths: true
     0 | D:1      | 0 ||| qw: Lair rune preference: random
     0 | D:1      | 0 ||| qw: Goals: Normal
     0 | D:1      | 0 ||| PLANNING D:1-11
    99 | D:1      | Found Rede Tikh's Weapon Emporium.
   115 | D:1      | 115 ||| UPGRADING to +0 pair of boots.
   130 | D:1      | Reached skill level 3 in Ranged Weapons
   131 | D:1      | Reached XP level 2. HP: 22/23 MP: 2/2
   171 | D:1      | Found Gow Deol's Weapon Shoppe.
   246 | D:1      | Found Loanileo's Magic Scroll Emporium.
   264 | D:1      | 264 ||| SHOPLISTING scroll of enchant armour (97 gold, have
                  | 56).
   264 | D:1      | 264 ||| BUYING scroll of identify (26 gold).
   264 | D:1      | Bought a scroll of identify for 26 gold pieces
   264 | D:1      | 264 ||| SHOPLISTING scroll of teleportation (39 gold, have
                  | 30).
   334 | D:1      | Found Wuhuhias's Magic Scroll Emporium.
   343 | D:1      | 343 ||| SHOPLISTING scroll of enchant weapon (75 gold, have
                  | 30).
   343 | D:1      | 343 ||| BUYING scroll of identify (20 gold).
   343 | D:1      | Bought a scroll of identify for 20 gold pieces
   343 | D:1      | 343 ||| SHOPLISTING scroll of identify (20 gold, have 10).
   343 | D:1      | 343 ||| SHOPLISTING scroll of teleportation (30 gold, have
                  | 10).
   690 | D:1      | Reached XP level 3. HP: 29/29 MP: 3/3
   881 | D:1      | 881 ||| READING scroll labelled IRILUF EMOIDD.
   882 | D:1      | 882 ||| READING scroll labelled HOHIAS GAEDO.
   883 | D:1      | 883 ||| READING 2 scrolls labelled IXEIT LEIFIJE.
   884 | D:1      | 884 ||| READING 4 scrolls of identify.
   884 | D:1      | 884 ||| IDENTIFYING inky potion
   885 | D:1      | 885 ||| READING 3 scrolls of identify.
   885 | D:1      | 885 ||| IDENTIFYING black potion
   886 | D:1      | 886 ||| READING 2 scrolls of identify.
   886 | D:1      | 886 ||| IDENTIFYING fizzy red potion
   887 | D:1      | 887 ||| DROPPING scroll of poison.
   888 | D:1      | 888 ||| DROPPING potion of ambrosia.
   889 | D:1      | 889 ||| DROPPING scroll of noise.
   936 | D:2      | Found an ornate altar of the Wu Jian Council.
   946 | D:2      | Reached skill level 4 in Ranged Weapons
   959 | D:2      | Identified the +10 chain mail "Noschicsa" {rPois}
  1117 | D:2      | Reached XP level 4. HP: 36/36 MP: 4/4
  1497 | D:2      | 1497 ||| UPGRADING to +0 cloak.
  1502 | D:2      | 1502 ||| DROPPING ring of magical power.
  1503 | D:2      | 1503 ||| READING scroll labelled VAGEAXTACW.
  1508 | D:2      | 1508 ||| DRINKING 3 cyan potions.
  1509 | D:2      | 1509 ||| READING 2 scrolls of identify.
  1509 | D:2      | 1509 ||| IDENTIFYING fizzy emerald potion
  1510 | D:2      | 1510 ||| DROPPING potion of degeneration.
  1545 | D:3      | 1545 ||| PLANNING SEWER
  1591 | D:3      | Noticed Grinder
  1595 | D:3      | Paralysed by Grinder for 2 turns
  1607 | D:3      | Paralysed by Grinder for 4 turns
  1612 | D:3      | 1612 ||| FLEEEEING.
  1613 | D:3      | 1613 ||| FLEEEEING.
  1616 | D:3      | 1616 ||| FLEEEEING.
  1617 | D:3      | 1617 ||| FLEEEEING.
  1621 | D:3      | 1621 ||| FLEEEEING.
  1622 | D:3      | 1622 ||| FLEEEEING.
  1630 | D:3      | 1630 ||| STAIRDANCE
  1708 | D:3      | Paralysed by Grinder for 2 turns
  1714 | D:3      | 1714 ||| STAIRDANCE
  1716 | D:2      | Killed from afar by Grinder

Levels and vault maps discovered:
D:1:      saegor_arrival_fortress, layout_basic, serial_shops, shop,
          nicolae_shop_bloodbath_and_beyond, shop, shop_scrolls,
          nicolae_figureground_sparkle
D:2:      layout_loops_cross, basic_altar
D:3:      layout_rooms, portal_sewer_entry_e, feat_on_display, uniq_grinder

Skill      XL: |  1  2  3 |
---------------+----------+-----
Ranged Weapons | 3 4 |  4.9
Fighting       | 2 |  2.0
Dodging        | |  2.1
Spellcasting   | |  1.0
Hexes          | |  2.0

Action                     |  1- 3 |  4- 6 || total
---------------------------+-------+-------++-------
   Fire: Sling             |   103 |    56 ||   159
    Use: Scroll            |     6 |     2 ||     8
         Potion            |       |     1 ||     1
 Armour: Robe              |     9 |     2 ||    11
  Dodge: Dodged            |    32 |     4 ||    36

Table legend:
 A = Non-vault XP
 B = Vault XP
 C = Vault XP percentage of total XP
 D = Non-vault monster count
 E = Vault monster count
 F = Vault count percentage of total count
                 A         B        C        D         E       F
            +---------+---------+-------+---------+---------+-------
      Total |     133 |       0 |   0.0 |      48 |       0 |   0.0
            +---------+---------+-------+---------+---------+-------
        D:1 |      46 |       0 |   0.0 |      27 |       0 |   0.0
        D:2 |      73 |       0 |   0.0 |      20 |       0 |   0.0
        D:3 |      14 |       0 |   0.0 |       1 |       0 |   0.0
            +---------+---------+-------+---------+---------+-------
